 Dungeon Crawl Stone Soup version 0.22.0-6-g71bd7aa (webtiles) character file.

9644 thechecker02 the Grappler (level 11, 0/111 HPs)
             Began as a Troll Monk on Aug 15, 2018.
             Was a High Priest of Makhleb.
             Shot with an arrow by a centaur warrior (10 damage)
             ... on level 11 of the Dungeon.
             The game lasted 00:14:38 (8612 turns).

thechecker02 the Grappler (Troll Monk)              Turns: 8612, Time: 00:14:40

Health: 0/111      AC:  8    Str: 21    XL:     11   Next: 25%
Magic:  24/24      EV: 15    Int:  9    God:    Makhleb [*****.]
Gold:   309        SH:  0    Dex: 12    Spells: 7/10 levels left

rFire    + + .     SeeInvis .     - Unarmed
rCold    . . .     Gourm    +   (no shield)
rNeg     . . .     Faith    .   A - +2 robe of Norymoha {rF++}
rPois    .         Spirit   .   (helmet restricted)
rElec    .         Reflect  .   j - +0 cloak
rCorr    .         Harm     .   (gloves unavailable)
MR       .....                  (boots unavailable)
Stlth    ++........             x - amulet of regeneration
HPRegen  1.08/turn              n - ring of magical power
MPRegen  0.19/turn              r - +5 ring of evasion

@: no status effects
A: large, unfitting armour, claws 3, fast metabolism 3, gourmand, regeneration
1, shaggy fur 1, tough skin 2
a: Minor Destruction, Lesser Servant of Makhleb, Major Destruction, Greater
Servant of Makhleb, Renounce Religion


You were on level 11 of the Dungeon.
You worshipped Makhleb.
Makhleb was extremely pleased with you.
You were completely stuffed.

You visited 2 branches of the dungeon, and saw 12 of its levels.

You collected 609 gold pieces.
You spent 300 gold pieces at shops.

Inventory:

Armour
 j - a +0 cloak (worn)
 A - the +2 robe of Norymoha (worn) {rF++}
   (You found it on level 8 of the Dungeon)

   It greatly protects you from fire.
Jewellery
 f - an uncursed amulet of rage
 n - a ring of magical power (left claw)
 r - a +5 ring of evasion (right claw)
 t - an uncursed ring of ice {unknown}
 u - an uncursed ring of protection from fire
 x - an amulet of regeneration (around neck)
Wands
 p - a wand of random effects (29)
 s - a wand of iceblast (14)
 C - a wand of disintegration (10)
 D - a wand of enslavement (8)
Scrolls
 a - a scroll of fear {unknown}
 d - 5 scrolls of identify
 e - 3 scrolls of teleportation {unknown}
 g - 6 scrolls of blinking {unknown}
 h - a scroll of noise {unknown}
 i - 3 scrolls of amnesia {unknown}
 l - a scroll of enchant weapon {unknown}
 o - a scroll of fog {unknown}
 q - 3 scrolls of remove curse
 w - a scroll of torment {unknown}
 y - 5 scrolls of enchant armour
 B - a scroll of holy word {unknown}
Potions
 c - a potion of curing
 k - 2 potions of agility
 m - 2 potions of flight
 v - 2 potions of lignification
 z - a potion of might
Comestibles
 b - 21 rations


   Skills:
 + Level 8.0 Fighting
 - Level 2.4 Dodging
 - Level 1.0 Stealth
 * Level 12.8 Unarmed Combat
 + Level 7.4 Invocations


You had 7 spell levels left.
You knew the following spells:

 Your Spells              Type           Power        Failure   Level  Hunger
a - Regeneration          Chrm/Necr      #.........   77%         3    ####...

Your spell library contained the following spells:

 Spells                   Type           Power        Failure   Level  Hunger
 Fireball                 Conj/Fire      #.........   100%        5    ######.
 Conjure Flame            Conj/Fire      #.......     77%         3    ####...
 Throw Flame              Conj/Fire      #.....       52%         2    ###....
 Sticky Flame             Conj/Fire      #.......     99%         4    #####..
 Stone Arrow              Conj/Erth      #.....       77%         3    ####...
 Flame Tongue             Conj/Fire      #....        38%         1    ##.....
 Passwall                 Tmut/Erth      #.......     52%         2    ###....
 Lee's Rapid Deconstruct  Erth           #.........   100%        5    ######.
 Sandblast                Erth           #.....       38%         1    ##.....
 Petrify                  Tmut/Erth      #.......     99%         4    #####..
 Shroud of Golubria       Chrm/Tloc      #.........   52%         2    ###....
 Inner Flame              Hex/Fire       #.......     77%         3    ####...
 Infusion                 Chrm           #...         38%         1    ##.....
 Song of Slaying          Chrm           #.......     52%         2    ###....
 Spectral Weapon          Hex/Chrm       #.......     77%         3    ####...


Dungeon Overview and Level Annotations

Branches:
Dungeon (11/15)            Temple (1/1) D:4            Lair (0/6) D:9
    Orc: D:9-12

Altars:
Ashenzari
Cheibriados
Dithmenos
Elyvilon
Fedhas
Gozag
Hepliaklqana
Kikubaaqudgha
Makhleb
Nemelex Xobeh
Okawaru
Qazlal
Ru
Sif Muna
Trog
Uskayaw
Vehumet
Wu Jian
Xom
Yredelemnul
Zin
The Shining One

Shops:
D:6 *   D:7 ?


Innate Abilities, Weirdness & Mutations

You are too large for most types of armour.
You have claws for hands.
Your metabolism is lightning-fast.
You like to eat raw meat.
Your natural rate of healing is unusually fast.
You are covered in fur. (AC +1)
You have very tough skin. (AC +2)


Message History

The centaur warrior shoots an arrow.
The arrow misses you.
The centaur shoots an arrow.
The arrow hits you.
* * * LOW HITPOINT WARNING * * *
The centaur shoots an arrow.
The arrow hits you!
* * * LOW HITPOINT WARNING * * *
You see here 2 arrows.
You feel better.
The centaur warrior shoots an arrow.
The arrow hits you.
* * * LOW HITPOINT WARNING * * *
The centaur shoots an arrow.
The arrow hits you.
* * * LOW HITPOINT WARNING * * *
The centaur shoots an arrow.
The arrow completely misses you.
The centaur warrior shoots an arrow.
The arrow barely misses you.
As you read the scroll labeled SINKOFEKLO, it crumbles to dust.
You feel as if something is helping you.
It was a scroll of remove curse.
The centaur shoots an arrow.
The arrow hits you!
* * * LOW HITPOINT WARNING * * *
The centaur shoots an arrow.
The arrow barely misses you.
The centaur warrior shoots an arrow.
The arrow hits you!
You die...

.#.# ###.#.# # #
#..... ..##.###.#.#
.......(...
##.##)##(.#
......c...###
#.##.cc(((.#
#.##..#@##.#
#.#######.##..#)##.#
#.............#.##.#
#######..c...##c##.#
#.#cc###..)#.#
#.#.#.#......#
#...##.......##
#.#.#.........#
#..#.†#<......##


You could see a centaur warrior and 3 centaurs.

Vanquished Creatures
  A two-headed ogre (D:8)
  An unseen horror (D:11)
  3 trolls (D:10)
  A hornet (D:10)
  3 hippogriffs
  16 yaks
  A wraith (D:10)
  Grum (D:11)
  A steam dragon (D:7)
  An acid dragon (D:11)
  2 water moccasins
  2 sky beasts
  2 orc warriors
  An eye of draining (D:11)
  2 ice beasts
  2 black bears
  2 necrophages
  A phantom (D:6)
  2 ogres
  2 wolves (D:11)
  3 centaurs
  Blork the orc (D:4)
  A wyvern zombie (D:11)
  3 bullfrogs
  A water moccasin zombie (D:7)
  4 scorpions
  9 killer bees
  4 wights (D:9)
  2 howler monkeys
  2 crimson imps
  A centaur zombie (D:8)
  A quasit (D:10)
  A jelly (D:7)
  3 orc priests
  A centaur skeleton (D:11)
  Crazy Yiuf (D:5)
  6 hounds
  7 orc wizards
  4 bullfrog skeletons
  3 iguanas
  5 worker ants
  A killer bee zombie (D:8)
  A hound zombie (D:6)
  A hound skeleton (D:7)
  A howler monkey zombie (D:5)
  A worker ant zombie (D:5)
  A howler monkey skeleton (D:6)
  11 adders
  5 shadow imps
  2 oozes
  2 adder skeletons
  2 adder zombies
  5 worms
  5 dart slugs
  A leopard gecko (D:6)
  21 orcs
  6 giant cockroaches
  7 goblins
  8 hobgoblins
  12 jackals
  4 quokkas
  A ball python (D:1)
  6 bats
  8 frilled lizards
  A jackal skeleton (D:6)
  7 kobolds
  A leopard gecko skeleton (D:5)
  3 quokka zombies
  9 rats
  A spectral orc (D:3)
244 creatures vanquished.

Notes
Turn   | Place    | Note
-------+----------+-------------------------------------------
     0 | D:1      | thechecker02 the Troll Monk began the quest for the Orb.
     0 | D:1      | Reached XP level 1. HP: 22/22 MP: 0/0
    60 | D:1      | Reached XP level 2. HP: 29/29 MP: 1/1
   371 | D:1      | Reached XP level 3. HP: 36/36 MP: 2/2
   757 | D:2      | Reached skill level 4 in Unarmed Combat
   764 | D:2      | Found a hide-covered altar of Uskayaw.
   809 | D:2      | Found a blossoming altar of Fedhas.
   924 | D:2      | Found a shimmering altar of Xom.
  1051 | D:2      | Reached XP level 4. HP: 31/45 MP: 3/3
  1221 | D:2      | Found a shattered altar of Ashenzari.
  1584 | D:3      | Found a glowing silver altar of Zin.
  1689 | D:3      | Reached skill level 5 in Unarmed Combat
  1894 | D:3      | Reached XP level 5. HP: 53/53 MP: 4/4
  2093 | D:3      | Found a basalt altar of Yredelemnul.
  2471 | D:4      | Found a shimmering altar of Xom.
  2534 | D:4      | Found a sparkling altar of Nemelex Xobeh.
  2580 | D:4      | Noticed Blork the orc
  2593 | D:4      | Killed Blork the orc
  2702 | D:4      | Reached XP level 6. HP: 62/62 MP: 5/5
  2709 | D:4      | Reached skill level 6 in Unarmed Combat
  2816 | D:4      | Found a staircase to the Ecumenical Temple.
  3105 | Temple   | Entered the Ecumenical Temple
  3247 | Temple   | Became a worshipper of Makhleb the Destroyer
  3247 | Temple   | Reached * piety under Makhleb
  3247 | Temple   | Reached ** piety under Makhleb
  3288 | D:5      | Entered Level 5 of the Dungeon
  3326 | D:5      | Found an ornate altar of the Wu Jian Council.
  3625 | D:5      | Reached skill level 1 in Invocations
  3656 | D:5      | Reached XP level 7. HP: 70/70 MP: 6/6
  3889 | D:5      | Reached skill level 7 in Unarmed Combat
  4012 | D:5      | Found a runed door.
  4016 | D:5      | Noticed Crazy Yiuf
  4020 | D:5      | Killed Crazy Yiuf
  4270 | D:6      | Found a blossoming altar of Fedhas.
  4273 | D:6      | Found a bloodstained altar of Trog.
  4421 | D:6      | Found Seduskea's Assorted Antiques.
  4579 | D:6      | Found an iron altar of Okawaru.
  4579 | D:6      | Found a glowing golden altar of the Shining One.
  4584 | D:6      | Found a stormy altar of Qazlal.
  4586 | D:6      | Found a white marble altar of Elyvilon.
  4589 | D:6      | Found an ancient bone altar of Kikubaaqudgha.
  4711 | D:6      | Reached XP level 8. HP: 65/79 MP: 8/8
  4742 | D:6      | Reached skill level 8 in Unarmed Combat
  4745 | D:6      | Reached skill level 5 in Fighting
  5286 | D:7      | Found Peutan's Magic Scroll Emporium.
  5305 | D:7      | Bought 3 scrolls of enchant armour for 225 gold pieces
  5305 | D:7      | Bought a scroll of enchant armour for 75 gold pieces
  5332 | D:7      | Noticed a hippogriff
  5342 | D:7      | Killed a hippogriff
  5348 | D:7      | Reached *** piety under Makhleb
  5348 | D:7      | Reached skill level 9 in Unarmed Combat
  5371 | D:7      | Reached XP level 9. HP: 61/89 MP: 11/11
  5919 | D:8      | Got a crude robe
  5930 | D:8      | Identified the +2 robe of Norymoha {rF++} (You found it on level 8 of the Dungeon)
  5987 | D:8      | Found a shattered altar of Ashenzari.
  6024 | D:8      | Reached skill level 10 in Unarmed Combat
  6405 | D:8      | Reached skill level 5 in Invocations
  6500 | D:8      | Noticed a two-headed ogre
  6540 | D:8      | Killed a two-headed ogre
  6829 | D:8      | Reached XP level 10. HP: 71/100 MP: 13/13
  6833 | D:8      | Reached **** piety under Makhleb
  6833 | D:8      | Reached skill level 11 in Unarmed Combat
  7038 | D:9      | Found a blossoming altar of Fedhas.
  7043 | D:9      | Learned a level 3 spell: Regeneration
  7275 | D:9      | Found a staircase to the Lair.
  7789 | D:10     | Entered Level 10 of the Dungeon
  7817 | D:10     | Paralysed by a hornet for 3 turns
  7830 | D:10     | Reached skill level 12 in Unarmed Combat
  8099 | D:10     | Noticed a seven-headed hydra
  8099 | D:10     | Noticed a tengu warrior
  8100 | D:10     | Noticed a white ugly thing
  8323 | D:10     | Reached ***** piety under Makhleb
  8388 | D:11     | Reached XP level 11. HP: 101/110 MP: 15/15
  8414 | D:11     | Killed an unseen horror
  8464 | D:11     | Noticed Grum
  8486 | D:11     | Killed Grum
  8607 | D:11     | Noticed a centaur warrior
  8612 | D:11     | Shot with an arrow by a centaur warrior

Skill      XL: |  1  2  3  4  5  6  7  8  9 10 11 |
---------------+----------------------------------+-----
Unarmed Combat | 4 5 6 7 9 10 12 | 12.8
Fighting       | 3 4 5 6 7 8 |  8.0
Invocations    | 1 2 4 5 7 |  7.4
Dodging        | |  2.4
Stealth        | |  1.0

Action                   |  1- 3 |  4- 6 |  7- 9 | 10-12 || total
-------------------------+-------+-------+-------+-------++-------
Melee: Unarmed           |    89 |   198 |   270 |   234 ||   791
       Punch             |     2 |     7 |     8 |    16 ||    33
  Use: Potion            |       |       |    11 |     5 ||    16
       Scroll            |       |       |       |     4 ||     4
 Stab: Sleeping          |     4 |     2 |     4 |       ||    10
       Invisible         |       |       |       |     4 ||     4
  Eat: Chunk             |    11 |    15 |    34 |    14 ||    74
       Ration            |     1 |     1 |       |     1 ||     3
Armor: Robe              |    23 |    77 |    50 |    95 ||   245
Dodge: Dodged            |    34 |   100 |   209 |   232 ||   575
